 Dungeon Crawl Stone Soup version 0.13.1-2-gfb2c2b7 (webtiles) character file.

905 Lilouch the Magician (level 7, -6/46 HPs)
             Began as a Mummy Fire Elementalist on Dec 2, 2013.
             Was a Follower of Vehumet.
             Mangled by an orc warrior
             ... wielding a +2,+0 orcish trident
              (13 damage)
             ... on Level 6 of the Dungeon.
             The game lasted 00:23:46 (6080 turns).

Lilouch the Magician (Mummy Fire Elementalist)      Turns: 6080, Time: 00:23:47

HP  -6/46        AC  4     Str 11      XL: 7   Next: 38%
MP   9/18        EV 12     Int 16      God: Vehumet [*.....]
Gold 204         SH  0     Dex 12      Spells:  6 memorised,  1 level left

Res.Fire  : x . .   See Invis. : .   c - +2 sling
Res.Cold  : + . .   Warding    : .   a - +0 robe
Life Prot.: + + +   Conserve   : .   (no shield)
Res.Poison: +       Res.Corr.  : .   (no helmet)
Res.Elec. : .       Clarity    : .   (no cloak)
Sust.Abil.: . .     Spirit.Shd : .   Q - +0 pair of gauntlets
Res.Mut.  : .       Stasis     : .   J - +0 pair of elf boots
Res.Rott. : +       Flight     : .   (no amulet)
Saprovore : . . .                    (no ring)
                                     (no ring)

@: somewhat resistant to hostile enchantments, fairly stealthy
A: no food or potions, fire vulnerability, restore body, cold resistance 1, life
protection 3, poison resistance, torment resistance, unbreathing
a: Renounce Religion


You were on level 6 of the Dungeon.
You worshipped Vehumet.
Vehumet was aware of your devotion.
You were not hungry.

You visited 2 branches of the dungeon, and saw 7 of its levels.

You collected 184 gold pieces.

Inventory:

Hand weapons
 c - a +2,+2 sling (weapon)
 g - a -1,+1 orcish dagger
 h - a +0,+0 dagger
 i - a +1,+3 orcish dagger of returning
 j - a +0,+0 dagger
 m - a +0,+0 dagger
 n - a +0,+0 dagger
 o - a +1,+1 dagger
 r - a +1,+0 elven dagger
 w - a +0,+0 dagger
 x - a +2,+0 elven dagger
 y - a +0,+0 dagger
 A - a +0,+0 dagger
 M - a +0,+0 dagger
 P - a +0,+1 orcish dagger
Missiles
 t - 60 sling bullets (quivered)
 B - 13 steel bolts
 E - 66 poisoned needles
 I - 6 bolts of penetration
Armour
 a - a +0 robe (worn)
 d - a +1 orcish ring mail of poison resistance
 J - a +0 pair of elven boots (worn)
 Q - a +0 pair of gauntlets (worn)
Magical devices
 p - a wand of flame (9)
 s - a wand of disintegration (5)
Scrolls
 e - 5 scrolls of fog {unknown}
 k - 2 scrolls of teleportation {unknown}
 l - 7 scrolls of identify {unknown}
 q - a scroll of fear {unknown}
 u - 2 scrolls of random uselessness {unknown}
 v - 3 scrolls of remove curse {unknown}
 z - a scroll of curse armour {unknown}
 F - a scroll of enchant weapon I {unknown}
 H - a scroll of recharging {unknown}
 K - a scroll of blinking {unknown}
 L - a scroll of magic mapping {unknown}
Jewellery
 f - a cursed ring of teleportation {unknown}
 D - an uncursed ring of protection from fire {unknown}
 N - a +3 ring of intelligence {unknown}
 O - the amulet "Osef" {Spirit Dam+5, unknown}
   (You took it off an orc on level 5 of the Dungeon)

   [amulet of guardian spirit]

   It affects your damage-dealing abilities (+5).
Books
 b - a book of Flames

   Spells                             Type                      Level
   *Flame Tongue                      Conjuration/Fire             1
   *Throw Flame                       Conjuration/Fire             2
   *Conjure Flame                     Conjuration/Fire             3
   Inner Flame                        Hexes/Fire                   3
   *Sticky Flame                      Conjuration/Fire             4
   *Fireball                          Conjuration/Fire             5
 C - a book of Geomancy

   Spells                             Type                      Level
   Sandblast                          Earth                        1
   Stoneskin                          Transmutation/Earth          2
   Passwall                           Transmutation/Earth          3
   Stone Arrow                        Conjuration/Earth            3
   Petrify                            Transmutation/Earth          4
   Lee's Rapid Deconstruction         Earth                        5
 G - a book of Maledictions

   Spells                             Type                      Level
   Corona                             Hexes                        1
   Sure Blade                         Hexes/Charms                 2
   Ensorcelled Hibernation            Hexes/Ice                    2
   Confuse                            Hexes                        3
   Enslavement                        Hexes                        4
   Invisibility                       Hexes                        6


   Skills:
 - Level 1.5 Dodging
 - Level 1.5 Stealth
 * Level 5.6 Spellcasting
 + Level 3.1 Conjurations
 + Level 3.8 Fire Magic


You had one spell level left.
You knew the following spells:

 Your Spells              Type           Power        Failure   Level  Hunger
a - Flame Tongue          Conj/Fire      ###..        4%          1    N/A
b - Throw Flame           Conj/Fire      ###...       8%          2    N/A
c - Conjure Flame         Conj/Fire      ###.....     12%         3    N/A
d - Sticky Flame          Conj/Fire      ###.....     38%         4    N/A
e - Fireball              Conj/Fire      ###.......   91%         5    N/A
f - Shock                 Conj/Air       #...         10%         1    N/A

Dungeon Overview and Level Annotations

Branches:
Dungeon (6/27)             Temple (1/1) D:4
    Orc: D:6-11

Altars:
Makhleb
Nemelex Xobeh
Trog
Vehumet
Yredelemnul


Innate Abilities, Weirdness & Mutations

You do not eat or drink.
Your flesh is vulnerable to fire.
Your flesh is cold resistant.
You are immune to negative energy.
Your system is resistant to poisons.
You are immune to unholy pain and torment.
You can survive without breathing.


Message History

Aim: an orc wizard, wielding an orcish dagger and wearing an orcish robe (heavily wounded, moving very quickly)
The flame misses the orc wizard.
The orc wizard barely misses you.
Casting: Flame Tongue
Confirm with . or Enter, or press ? or * to list all spells.
Aiming: Flame Tongue
Press: ? - help, Shift-Dir - straight line, f/p - orc wizard
Aim: an orc wizard, wielding an orcish dagger and wearing an orcish robe (heavily wounded, moving very quickly)
The flame hits the orc wizard.
The orc wizard is almost dead.
The orc wizard hits you with an orcish dagger.
* * * LOW HITPOINT WARNING * * *
The orc wizard closely misses you.
Casting: Flame Tongue
Confirm with . or Enter, or press ? or * to list all spells.
Aiming: Flame Tongue
Press: ? - help, Shift-Dir - straight line, f/p - orc wizard
Aim: an orc wizard, wielding an orcish dagger and wearing an orcish robe (almost dead, moving very quickly)
The flame misses the orc wizard.
The orc warrior hits you from afar with an orcish trident!
You die...

#..........#
######.#.#.#.#.##
#..............#
#.####.#.#.#.#.# #.#
#...o.....# ###.#
#.#.#.#.#.# ##...##
#.........#
##.....#####......###.
#.......@##..(.........
#...<....oo.)..######.
#...........().#
.####.............# .
#.............#.(.##
#.#########.##.....)##
#.......###.#....##.#
##.....#.#....%...##.#
#........#.......%.#.#


You could see an orc warrior and an orc wizard.

Vanquished Creatures
  A phantom (D:5)
  A centaur (D:6)
  An ogre (D:5)
  Blork the orc (D:6)
  A crimson imp (D:5)
  An orc priest (D:5)
  An iguana (D:4)
  An orc wizard (D:2)
  2 worker ants
  Ijyb (D:3)
  3 adders
  3 gnolls (D:5)
  An inept feature mimic (D:4)
  4 worms
  A giant gecko (D:2)
  An ooze (D:2)
  11 orcs
  19 goblins
  13 hobgoblins
  5 jackals
  6 kobolds
  A quokka (D:2)
  2 ball pythons (D:3)
  12 bats
  2 giant cockroaches
  4 giant newts
  6 rats
  A rat skeleton (D:4)
106 creatures vanquished.

Notes
Turn   | Place    | Note
--------------------------------------------------------------
     0 | D:1      | Lilouch, the Mummy Fire Elementalist, began the quest for the Orb.
     0 | D:1      | Reached XP level 1. HP: 13/13 MP: 3/3
    17 | D:1      | Reached skill level 1 in Conjurations
   487 | D:1      | Reached XP level 2. HP: 13/19 MP: 1/4
   497 | D:1      | Found a sparkling altar of Nemelex Xobeh.
  1301 | D:2      | Reached XP level 3. HP: 24/24 MP: 4/6
  1950 | D:3      | Reached XP level 4. HP: 30/30 MP: 0/8
  2063 | D:3      | Reached skill level 3 in Spellcasting
  2506 | D:3      | Noticed Ijyb
  2522 | D:3      | Killed Ijyb
  3468 | D:2      | Reached XP level 5. HP: 22/35 MP: 4/11
  3694 | D:3      | Found a bloodstained altar of Trog.
  3904 | D:3      | Learned a level 2 spell: Throw Flame
  3908 | D:3      | Learned a level 3 spell: Conjure Flame
  3913 | D:3      | Learned a level 4 spell: Sticky Flame
  3998 | D:4      | Found a bloodstained altar of Trog.
  4481 | D:4      | Reached skill level 4 in Spellcasting
  4567 | D:4      | Found a staircase to the Ecumenical Temple.
  4576 | Temple   | Entered the Ecumenical Temple
  4592 | Temple   | Became a worshipper of Vehumet
  4802 | D:5      | Entered Level 5 of the Dungeon
  5053 | D:5      | Noticed an ogre
  5125 | D:5      | Noticed a phantom
  5143 | D:5      | Killed a phantom
  5143 | D:5      | Reached XP level 6. HP: 26/41 MP: 2/15
  5284 | D:5      | Killed an ogre
  5328 | D:5      | Reached skill level 5 in Spellcasting
  5341 | D:5      | Got a pitted platinum amulet
  5431 | D:5      | Reached XP level 7. HP: 46/46 MP: 18/18
  5776 | D:6      | Noticed Blork the orc
  5791 | D:6      | Killed Blork the orc
  5801 | D:6      | Noticed a centaur
  5817 | D:6      | Learned a level 5 spell: Fireball
  5831 | D:6      | Killed a centaur
  5831 | D:6      | Acquired Vehumet's first power
  5831 | D:6      | Offered knowledge of Shock by Vehumet.
  5836 | D:6      | Learned a level 1 spell: Shock
  6027 | D:6      | Noticed an orc warrior
  6080 | D:6      | Mangled by an orc warrior

Action                   |  1- 3 |  4- 6 |  7- 9 || total
-------------------------+-------+-------+-------++-------
Melee: Short sword       |    35 |     2 |       ||    37
       Unarmed           |     1 |       |       ||     1
 Fire: Sling             |       |    77 |    16 ||    93
Throw: Dagger            |    44 |    47 |       ||    91
 Cast: Flame Tongue      |    70 |    87 |    31 ||   188
       Conjure Flame     |       |     6 |     1 ||     7
Evoke: Wand              |       |     4 |       ||     4
  Use: Scroll            |     1 |       |       ||     1
